 Dungeon Crawl Stone Soup version 0.31-a0-154-g56bf346678 (webtiles) character file.

Game seed: 5907611677764410716

16774 oldriver the Fighter (level 12, 0/147 HPs)
             Began as a Djinni Conjurer on June 12, 2023.
             Was an Initiate of Gozag.
             Killed from afar by a rime drake (4 damage)
             ... with an icy flash freeze
             ... in an ice cave.
             The game lasted 00:25:10 (14103 turns).

oldriver the Fighter (Djinni Conjurer)             Turns: 14103, Time: 00:25:11

Health: 0/147      AC: 10    Str:  6    XL:     12   Next: 74%
Gold:   1361       EV: 15    Int: 26    God:    Gozag SH:  0 Dex: 13

rFire   . . .        A - staff of conjuration
rCold   + . .        (no shield)
rNeg    . . .        I - +2 robe "Kaipuogu" {Int+2}
rPois   ∞            E - +0 helmet
rElec   .            B - +2 cloak
rCorr   .            m - +1 pair of gloves
SInv    .            (boots unavailable)
Will    +....        (no amulet) Stlth
                     v - ring of ice
HPRegen 0.44/turn    y - ring of ice
MPRegen 0.00/turn

%: infuse magic (-1 HP)
@: brilliant, berserking, gold aura, flying, studying Polearms, very quick
A: sickness immunity, fire resistance 2, cold vulnerability 1, float, innate
caster, HP casting, extra vitality 1
a: Renounce Religion, Potion Petition, Call Merchant, Bribe Branch


You were in an ice cave.
You worshipped Gozag.
Gozag was most pleased with you.
You visited 3 branches of the dungeon, and saw 12 of its levels.
You also visited: Ice Cave.

You collected 1498 gold pieces.
You paid 137 gold pieces to Gozag.

Inventory:

Missiles
 z - 2 throwing nets
Armour
 m - a +1 pair of gloves (worn)
 u - an orb of mayhem
 B - a +2 cloak (worn)
 D - a +2 robe of positive energy
 E - a +0 helmet (worn)
 I - the +2 robe "Kaipuogu" (worn) {Int+2}
   (You took it off an orc wizard on level 9 of the Dungeon)

   Int:       It affects your intelligence (+2).
Magical Staves
 A - a staff of conjuration (weapon)
Jewellery
 d - the ring of the Fresh Lime {rN+ Str+3 Int+6}
   (You acquired it on level 2 of the Dungeon)

   [ring of intelligence]

   Str:       It affects your strength (+3).
   Int:       It affects your intelligence (+6).
   rN:        It protects you from negative energy.
 k - a +5 ring of evasion
 v - a ring of ice (left hand)
 x - a ring of resist corrosion
 y - a ring of ice (right hand)
 H - a ring of see invisible
Wands
 e - a wand of light (14)
 q - a wand of flame (12)
 r - a wand of digging (6)
 F - a wand of charming (1)
 M - a wand of iceblast (4)
Scrolls
 a - 2 scrolls of identify
 f - 2 scrolls of poison
 o - 2 scrolls of teleportation
 s - a scroll of vulnerability
 J - a scroll of magic mapping
Potions
 b - 2 potions of curing
 c - 2 potions of might
 g - 3 potions of enlightenment
 h - 2 potions of haste
 i - 2 potions of mutation
 j - 2 potions of degeneration
 l - 2 potions of magic
 n - a potion of brilliance
 p - a potion of invisibility
 t - a potion of berserk rage
 w - a potion of cancellation {unknown}
 C - 3 potions of attraction
 G - a potion of ambrosia {unknown}


   Skills:
 + Level 13.0 Fighting
 - Level 8.0 Dodging
 - Level 4.0 Stealth
 + Level 10.3 Spellcasting
 + Level 10.3 Conjurations
 + Level 10.3 Hexes
   Level 0.0 Charms
 + Level 10.3 Summonings
 + Level 10.3 Necromancy
 + Level 10.3 Translocations
 + Level 10.3 Transmutations
 + Level 10.3 Fire Magic
 + Level 10.3 Ice Magic
 + Level 10.3 Air Magic
 + Level 10.3 Earth Magic
 + Level 10.3 Poison Magic


You knew the following spells:

 Your Spells              Type           Power      Damage    Failure   Level
a - Magic Dart            Conj           100%       1d8       1%          1
b - Searing Ray           Conj           100%       2d8       1%          2
c - Dazzling Flash        Conj/Hex       100%       N/A       1%          3
d - Fulminant Prism       Conj/Hex       50%        3d23      1%          4
e - Iskenderun's Mystic   Conj/Tloc      100%       2d19      1%          4
f - Sting                 Tmut/Pois      100%       1d8       1%          1
g - Scorch                Fire           100%       2d9       1%          2
h - Call Canine Familiar  Summ           79%        N/A       1%          3
i - Gell's Gravitas       Tloc           79%        N/A       1%          3
j - Blade Hands           Tmut           39%        N/A       1%          5
Your spell library was empty.

Dungeon Overview and Level Annotations

Branches:
Dungeon (9/15)             Temple (1/1) D:5            Lair (2/5) D:9
  IceCv (1/1)
  Swamp: Lair:2-3    Shoals: Lair:2-3     Snake: Lair:2-3    Spider: Lair:2-3
    Orc: D:9-12

Altars:
Ashenzari
Cheibriados
Dithmenos
Elyvilon
Fedhas
Gozag
Hepliaklqana
Makhleb
Nemelex Xobeh
Okawaru
Qazlal
Ru
Trog
Uskayaw
Wu Jian
Xom
Yredelemnul
Zin
The Shining One

Annotations:
D:4 1 runed translucent door, Crazy Yiuf


Innate Abilities, Weirdness & Mutations

You are immune to sickness and miasma.
You are immune to poison.
Your flesh is very heat resistant. (rF++)
You are vulnerable to cold. (rC-)
You float through the air rather than walking.
You learn spells naturally, not from books.
Your magical power is your life essence.
You have superior vitality. (+4 MHP)


Message History

You feel clever all of a sudden.
The rime drake is no longer distracted by gold.
It was a potion of berserk rage.
A red film seems to cover your vision as you go berserk!
You feel yourself moving faster!
You feel mighty!
The death yak bellows!
The rime drake is distracted by your dazzling golden aura.
The rime drake hisses angrily.
You hit the death yak.
The death yak is heavily wounded.
The polar bear growls angrily.
The death yak is no longer blind.
The death yak gores you!
* * * LOW HITPOINT WARNING * * *
Unknown command.
You are too berserk!
You are too berserk!
You hit the death yak.
You blast the death yak.
The death yak is heavily wounded.
The polar bear growls angrily.
The death yak gores you!
* * * LOW HITPOINT WARNING * * *
You hit the death yak but do no damage.
The death yak is heavily wounded.
The death yak misses you.
You hit the death yak.
The death yak is severely wounded.
The polar bear misses you.
The polar bear claws you but does no damage. x2
The death yak gores you!
* * * LOW HITPOINT WARNING * * *
You hit the polar bear.
You kill the polar bear!
The rime drake is no longer distracted by gold.
The death yak closely misses you.
You hit the death yak.
You blast the death yak.
The death yak is severely wounded.
The rime drake breathes ice at you. The icy flash freeze hits you.
You partially resist.
You die...
Your body crumbles into a pile of gold.

#####
##...##
##..@..##
#...kY..#
#...$...#
##..$..##
##.$$##
#...#
...##
#...#
##...


You could see a death yak and a rime drake (catching breath).

Vanquished Creatures
  A hydra (Lair:2)
  A boulder beetle (Lair:1)
  A wizard (D:9)
  Pikel (D:7)
  2 wolf spiders (Lair:1)
  2 cyclopes (D:9)
  An ugly thing (D:9)
  Maurice (D:9)
  A black mamba (Lair:2)
  A cane toad (Lair:1)
  3 rime drakes (Lair:2)
  2 komodo dragons (Lair:1)
  A troll (D:9)
  Grinder (D:4)
  2 polar bears (IceCv)
  A hornet (D:9)
  4 blink frogs (Lair:1)
  13 yaks
  4 wyverns (D:9)
  An unseen horror simulacrum (D:9)
  Eustachio (D:4)
  3 steam dragons
  Edmund (D:4)
  An acid dragon (D:9)
  Duvessa (D:4)
  4 water moccasins
  3 black bears
  2 ogres
  9 wolves
  2 centaurs
  A phantom (D:6)
  4 lemures (D:7)
  A kobold brigand (D:6)
  Blork the orc (D:6)
  6 bullfrogs
  A scorpion (D:5)
  9 wights
  6 killer bees (D:9)
  3 howler monkeys
  An electric eel (D:8)
  A hound (D:6)
  A jelly (D:6)
  3 gnoll boudas
  3 orc priests
  Ijyb (D:3)
  3 iguanas
  6 orc wizards
  10 adders
  12 gnolls
  A white imp (D:7)
  3 worms (D:2)
  A dart slug (D:1)
  25 orcs
  4 endoplasms
  4 giant cockroaches
  6 hobgoblins
  4 jackals
  3 quokkas
  10 ball pythons
  4 bats
  4 frilled lizards
  12 goblins
  10 kobolds
  5 rats
  A fulminant prism (D:9)
241 creatures vanquished.

Vanquished Creatures (collateral kills)
  A skyshark (shapeshifter) (D:9)
  A basilisk (Lair:1)
  2 yaks (D:9)
  2 orc warriors (D:9)
  A gnoll sergeant (D:9)
  Dowan (D:4)
  An orc priest (D:9)
  4 orc wizards (D:9)
  A dart slug (D:4)
  4 orcs (D:9)
18 creatures vanquished.

Vanquished Creatures (others)
  A wizard (D:8)
  92 fulminant prisms
93 creatures vanquished.

Grand Total: 352 creatures vanquished

Notes
Turn   | Place    | Note
-------+----------+-------------------------------------------
     0 | D:1      | oldriver the Djinni Conjurer began the quest for the Orb.
     0 | D:1      | oldriver set off with the following spells memorised: Magic
                  | Dart, Searing Ray, Dazzling Flash, Fulminant Prism,
                  | Iskenderun's Mystic Blast.
     0 | D:1      | Reached XP level 1. HP: 15/15 MP: 0/0
   458 | D:1      | Reached XP level 2. HP: 12/22 MP: 0/0
   553 | D:1      | Reached skill level 1 in Fighting
   764 | D:1      | Reached XP level 3. HP: 21/27 MP: 0/0
   764 | D:1      | Learned a level 1 spell: Sting
  1149 | D:2      | Identified a scroll of acquirement
  1149 | D:2      | Acquired the ring of the Fresh Lime {rN+ Str+3 Int+6}
  1244 | D:2      | Reached skill level 2 in Fighting
  1265 | D:2      | Reached XP level 4. HP: 30/33 MP: 0/0
  1998 | D:2      | Reached XP level 5. HP: 35/39 MP: 0/0
  1998 | D:2      | Learned a level 2 spell: Scorch
  2071 | D:3      | Reached skill level 3 in Fighting
  2325 | D:3      | Noticed Ijyb
  2353 | D:3      | Killed Ijyb
  2879 | D:4      | Noticed Dowan
  2880 | D:4      | Noticed Duvessa
  3042 | D:4      | Noticed Grinder
  3047 | D:4      | Paralysed by Grinder for 2 turns
  3050 | D:4      | Killed Grinder
  3051 | D:4      | Reached skill level 4 in Fighting
  3051 | D:4      | Reached XP level 6. HP: 10/48 MP: 0/0
  3239 | D:4      | Noticed Edmund
  3248 | D:4      | Killed Edmund
  3249 | D:4      | Reached skill level 5 in Spellcasting
  3249 | D:4      | Reached skill level 5 in Conjurations
  3249 | D:4      | Reached skill level 5 in Hexes
  3249 | D:4      | Reached skill level 5 in Summonings
  3249 | D:4      | Reached skill level 5 in Necromancy
  3249 | D:4      | Reached skill level 5 in Translocations
  3249 | D:4      | Reached skill level 5 in Transmutations
  3249 | D:4      | Reached skill level 5 in Fire Magic
  3249 | D:4      | Reached skill level 5 in Ice Magic
  3249 | D:4      | Reached skill level 5 in Air Magic
  3249 | D:4      | Reached skill level 5 in Earth Magic
  3249 | D:4      | Reached skill level 5 in Poison Magic
  3249 | D:4      | Reached XP level 7. HP: 31/53 MP: 0/0
  3249 | D:4      | Learned a level 3 spell: Call Canine Familiar
  3371 | D:4      | Reached skill level 5 in Fighting
  3505 | D:4      | Noticed Eustachio
  3542 | D:4      | Killed Eustachio
  3543 | D:4      | Reached XP level 8. HP: 36/60 MP: 0/0
  3988 | D:4      | Found a runed translucent door.
  3989 | D:4      | Noticed Crazy Yiuf
  4379 | D:4      | Killed Duvessa
  4380 | D:4      | Reached skill level 6 in Fighting
  4480 | D:4      | Killed Dowan
  4718 | D:5      | Entered Level 5 of the Dungeon
  4769 | D:5      | Found a staircase to the Ecumenical Temple.
  4804 | Temple   | Entered the Ecumenical Temple
  5921 | D:6      | Reached skill level 7 in Fighting
  6046 | D:6      | Reached XP level 9. HP: 61/68 MP: 0/0
  6046 | D:6      | Learned a level 3 spell: Gell's Gravitas
  6426 | D:6      | Noticed Blork the orc
  6437 | D:6      | Killed Blork the orc
  6554 | D:6      | Reached skill level 8 in Fighting
  7433 | D:7      | Noticed Pikel
  7440 | D:7      | Killed Pikel
  7441 | D:7      | Reached skill level 9 in Fighting
  8279 | D:8      | Reached XP level 10. HP: 73/78 MP: 0/0
  8759 | D:8      | Found a hide-covered altar of Uskayaw.
  8765 | D:8      | Found a bloodstained altar of Trog.
  8767 | D:8      | Noticed a wizard
  8773 | D:8      | Killed a wizard
  8794 | D:8      | Found a blossoming altar of Fedhas.
  8802 | D:8      | Found an opulent altar of Gozag.
  8802 | D:8      | Found a hazy altar of Hepliaklqana.
  8979 | D:8      | Became a worshipper of Gozag Ym Sagoz the Greedy
  9573 | D:9      | Reached skill level 10 in Fighting
  9573 | D:9      | Reached skill level 5 in Dodging
  9796 | D:9      | Reached XP level 11. HP: 81/85 MP: 0/0
  9796 | D:9      | Learned a level 5 spell: Blade Hands
  9825 | D:9      | Noticed a cyclops
  9894 | D:9      | Killed a cyclops
 10223 | D:9      | Identified the +2 robe "Kaipuogu" {Int+2}
 10255 | D:9      | Noticed a skyshark
 10269 | D:9      | Killed a skyshark
 10382 | D:9      | Noticed a green ugly thing
 10421 | D:9      | Killed a green ugly thing
 10497 | D:9      | Noticed a cyclops
 10502 | D:9      | Killed a cyclops
 10503 | D:9      | Reached skill level 11 in Fighting
 10598 | D:9      | Noticed a wizard
 10607 | D:9      | Killed a wizard
 10661 | D:9      | Noticed Maurice
 10758 | D:9      | Killed Maurice
 10870 | D:9      | Found a staircase to the Lair.
 12119 | Lair:1   | Entered Level 1 of the Lair of Beasts
 12234 | Lair:1   | Reached XP level 12. HP: 78/94 MP: 0/0
 12434 | Lair:1   | Found a broken altar of Ashenzari.
 12558 | Lair:1   | Reached skill level 12 in Fighting
 12604 | Lair:1   | Noticed a boulder beetle
 13235 | Lair:1   | Killed a boulder beetle
 13744 | Lair:2   | Reached skill level 10 in Spellcasting
 13744 | Lair:2   | Reached skill level 10 in Conjurations
 13744 | Lair:2   | Reached skill level 10 in Hexes
 13744 | Lair:2   | Reached skill level 10 in Summonings
 13744 | Lair:2   | Reached skill level 10 in Necromancy
 13744 | Lair:2   | Reached skill level 10 in Translocations
 13744 | Lair:2   | Reached skill level 10 in Transmutations
 13744 | Lair:2   | Reached skill level 10 in Fire Magic
 13744 | Lair:2   | Reached skill level 10 in Ice Magic
 13744 | Lair:2   | Reached skill level 10 in Air Magic
 13744 | Lair:2   | Reached skill level 10 in Earth Magic
 13744 | Lair:2   | Reached skill level 10 in Poison Magic
 13827 | Lair:2   | Noticed an eight-headed hydra
 13840 | Lair:2   | Killed an eight-headed hydra
 14026 | Lair:2   | Found a frozen archway.
 14057 | IceCv    | Entered an ice cave
 14077 | IceCv    | Reached skill level 13 in Fighting
 14083 | IceCv    | Noticed a death yak
 14101 | IceCv    | HP: 3/147 [death yak (15)]
 14103 | IceCv    | Killed from afar by a rime drake

Illustrated notes

Levels and vault maps discovered:
D:1:      erik_arrival_orb_chamber, layout_basic, nrook_loot_triangle
D:2:      layout_rooms, grunt_decor_fettered, chequers_serial_rivers_small_b,
          kennysheep_cross_bottleneck, minmay_small_reverse_x
D:3:      kennysheep_the_goblin_king, layout_loops_ring,
          kennysheep_generic_room_14
D:4:      layout_basic, uniq_ijyb, uniq_eustachio, uniq_duvessa, uniq_grinder,
          uniq_crazy_yiuf_cottage, uniq_edmund
D:5:      layout_basic, minmay_temple_entry_stoned_glass,
          hangedman_decor_peaks_small
D:6:      layout_loops_ring, uniq_blork_the_orc
D:7:      layout_layer_cave, mrwooster_statue_mirror, uniq_pikel
D:8:      layout_basic, trog_wizard, chequers_temple_overflow_statue_of_worship
D:9:      minmay_the_grid_4x2 [minmay_the_grid_spin_star,
          minmay_the_grid_large_cup, minmay_the_grid_outer_circle,
          minmay_the_grid_tree, minmay_the_grid_broken_lines,
          minmay_the_grid_all_tris, minmay_the_grid_empty,
          minmay_the_grid_prize_big_room], layout_long_grid, dpeg_oklobed_lair,
          lemuel_flame_loot_1, uniq_maurice
Temple:   nicolae_temple_bog_church
Lair:1:   layout_regular_city, basic_altar, minivault_19,
          nicolae_lair_run_with_the_wolves, lemuel_fruit_fields,
          lemuel_fruit_tree
Lair:2:   layout_concentric_octagons, special_room [special_room_bee],
          portal_ice_cave_rime
IceCv:    ice_cave_small_giant

Skill      XL: |  1  2  3  4  5  6  7  8  9 10 11 12 |
---------------+-------------------------------------+-----
Fighting       | 1 2 4 5 7 9 10 11 13 | 13.0
Spellcasting   | 4 5 6 7 8 9 10 | 10.3
Conjurations   | 4 5 6 7 8 9 10 | 10.3
Hexes          | 4 5 6 7 8 9 10 | 10.3
Summonings     | 4 5 6 7 8 9 10 | 10.3
Necromancy     | 4 5 6 7 8 9 10 | 10.3
Translocations | 4 5 6 7 8 9 10 | 10.3
Transmutations | 4 5 6 7 8 9 10 | 10.3
Fire Magic     | 4 5 6 7 8 9 10 | 10.3
Ice Magic      | 4 5 6 7 8 9 10 | 10.3
Air Magic      | 4 5 6 7 8 9 10 | 10.3
Earth Magic    | 4 5 6 7 8 9 10 | 10.3
Poison Magic   | 4 5 6 7 8 9 10 | 10.3
Stealth        | 4 |  4.0
Dodging        | 5 8 |  8.0

Action                     |  1- 3 |  4- 6 |  7- 9 | 10-12 || total
---------------------------+-------+-------+-------+-------++-------
  Melee: Unarmed           |       |       |     5 |       ||     5
         Staff             |       |       |       |     8 ||     8
   Cast: Magic Dart        |    61 |    68 |   160 |   159 ||   448
         Searing Ray       |       |     8 |     2 |     2 ||    12
         Scorch            |       |     6 |       |    17 ||    23
         Iskenderun's Myst |       |     2 |    23 |    62 ||    87
         Fulminant Prism   |       |     1 |    25 |    67 ||    93
         Dazzling Flash    |       |     1 |       |       ||     1
         Call Canine Famil |       |       |     1 |    28 ||    29
         Gell's Gravitas   |       |       |     6 |     3 ||     9
  Evoke: Wand              |       |       |       |     2 ||     2
    Use: Scroll            |     3 |     2 |     8 |    10 ||    23
         Potion            |       |       |       |     5 ||     5
 Armour: Robe              |     2 |       |     8 |    13 ||    23
  Dodge: Dodged            |    11 |    10 |    34 |    48 ||   103

Table legend: (Time is in decaauts)
 A = Elapsed time spent in this place.
 B = Non-inter-level travel time spent in this place.
 C = Inter-level travel time spent in this place.
 D = Time resting spent in this place.
 E = Time spent auto-exploring this place.
 F = Levels seen in this place.
 G = Mean time per level.
                   A        B        C        D        E       F      G
               +--------+--------+--------+--------+--------+-----+--------+
         Total |  14103 |  13430 |    673 |   2001 |   9420 |  13 | 1084.8 |
       Dungeon |  12053 |  11457 |    596 |   1508 |   8358 |   9 | 1339.2 |
        Temple |    157 |    144 |     13 |      0 |    133 |   1 |  157.0 |
          Lair |   1846 |   1782 |     64 |    489 |    929 |   2 |  923.0 |
      Ice Cave |     45 |     45 |      0 |      4 |      0 |   1 |   45.0 |
               +--------+--------+--------+--------+--------+-----+--------+

Top non-repeatable levels by time:
     D:9: 2334 daAuts
     D:8: 1685 daAuts
  Lair:1: 1526 daAuts
     D:4: 1466 daAuts
     D:3: 1217 daAuts
     D:7: 1196 daAuts
     D:6: 1098 daAuts
     D:1: 1084 daAuts
     D:5: 1021 daAuts
     D:2: 949 daAuts
  Lair:2: 320 daAuts
  Temple: 157 daAuts
   IceCv: 45 daAuts
